 Dungeon Crawl Stone Soup version 0.20.1-4-g4af34eaf8e (webtiles) character file.

753 Alfie the Shooter (level 7, -6/58 HPs)
             Began as a Minotaur Hunter on Mar 9, 2020.
             Mangled by an orc warrior
             ... wielding a +0 hand axe
              (14 damage)
             ... on level 6 of the Dungeon.
             The game lasted 00:14:30 (4010 turns).

Alfie the Shooter (Minotaur Hunter)                 Turns: 4010, Time: 00:14:31

Health: -6/58      AC: 12    Str: 19    XL:     7   Next: 49%
Magic:  6/6        EV: 11    Int:  8    God:
Gold:   162        SH:  0    Dex: 10    Spells: 4/6 levels left

rFire    . . .     SeeInvis .   l - +3 short sword
rCold    + . .     Gourm    .   (no shield)
rNeg     . . .     Faith    .   b - +2 ring mail {rC+}
rPois    .         Spirit   .   (helmet restricted)
rElec    .         Reflect  .   v - +2 cloak {MR+}
rCorr    .         Harm     .   (no gloves)
MR       +....                  j - +0 pair of boots
Stlth    +.........             (no amulet)
Regen    0.2/turn               (no ring)
MPRegen  0.1/turn               (no ring)

@: no status effects
A: retaliatory headbutt, horns 2
a: no special abilities


You were on level 6 of the Dungeon.
You were not hungry.

You visited 1 branch of the dungeon, and saw 6 of its levels.

You collected 162 gold pieces.

Inventory:

Hand Weapons
 a - a +1 shortbow
 l - a +3 short sword (weapon)
Missiles
 d - 5 arrows
 h - 8 tomahawks (quivered)
 s - 5 steel tomahawks
Armour
 b - a +2 ring mail of cold resistance (worn)
 j - a +0 pair of boots (worn)
 v - a +2 cloak of magic resistance (worn)
Wands
 u - a wand of flame (37/48)
Scrolls
 e - 2 scrolls of remove curse
 i - 2 scrolls of teleportation
 m - 6 scrolls of identify
 x - a scroll of immolation
Potions
 c - a potion of cancellation
 o - a potion of haste
 p - a potion of lignification
 q - a potion of invisibility
 r - a potion of agility {unknown}
 t - a potion of resistance {unknown}
 w - a potion of heal wounds {unknown}
 z - a potion of might {unknown}
Books
 n - a book of Frost

   Spells                             Type                      Level
   a - Freeze                         Ice                          1
   b - Throw Frost                    Conjuration/Ice              2
   c - Ozocubu's Armour               Charms/Ice                   3
   d - Throw Icicle                   Conjuration/Ice              4
   e - Summon Ice Beast               Ice/Summoning                4
Comestibles
 f - a bread ration
 g - 2 fruits
 k - 2 meat rations


   Skills:
 + Level 3.8 Fighting
 + Level 3.5 Short Blades
 + Level 7.5 Bows
 + Level 0.6 Throwing
 + Level 4.3 Armour
 + Level 2.8 Dodging
 + Level 1.2 Stealth


You had 4 spell levels left.
You knew the following spells:

 Your Spells              Type           Power        Failure   Level  Hunger
a - Throw Frost           Conj/Ice       #.....       73%         2    ###....


Dungeon Overview and Level Annotations

Branches:
Dungeon (6/15)             Temple (0/1) D:4

Altars:
Kikubaaqudgha
Zin

Shops:
D:5 (

Annotations:
D:3 Alfie's ghost, amateur HuHu


Innate Abilities, Weirdness & Mutations

You reflexively headbutt those who attack you in melee.
You have a pair of horns on your head.


Message History

The orc warrior is severely wounded.
The orc wizard points at you and mumbles some strange words.
The puff of frost hits you! You resist.
* * * LOW HITPOINT WARNING * * *
The orc warrior barely misses you.
You hit the orc warrior but do no damage.
You headbutt the orc warrior, but do no damage.
The orc warrior is severely wounded.
The orc wizard completely misses you. The orc warrior closely misses you.
The orc wizard hits you but does no damage.
You closely miss the orc warrior.
The orc warrior is severely wounded.
The orc wizard hits you but does no damage.
The orc warrior closely misses you. You furiously retaliate!
You headbutt the orc warrior!
You hit the orc warrior but do no damage.
The orc warrior is almost dead.
The orc wizard hits you but does no damage.
The orc warrior hits you with a hand axe!
You die...

#...<..# # #......#
.. .###......# .#
..........### #.#
.....###....####..#
.............#....##
.###.....###....#
.## ##.!.##
#(...##..## ##.@#
##......#..#
#oo..#..........#
.........#......##
..........####....#
......####..# ##...#
...... #..# ###.##
...... ...## #..##
..............##
##...#
..........##..###


You could see an orc warrior and an orc wizard.

Vanquished Creatures
  Grinder (D:3)
  A sky beast (D:5)
  Blork the orc (D:4)
  2 jellies (D:5)
  A hound (D:5)
  A centaur skeleton (D:6)
  3 orc wizards
  An iguana (D:4)
  2 worker ants (D:4)
  A hound skeleton (D:5)
  2 adders
  An ooze (D:1)
  2 adder skeletons
  A worm (D:4)
  3 leopard geckos
  9 orcs (D:5)
  4 giant cockroaches
  7 goblins
  9 hobgoblins
  7 jackals (D:1)
  6 kobolds
  A quokka (D:4)
  3 ball pythons (D:1)
  6 bats
  4 frilled lizards
  A quokka skeleton (D:5)
  9 rats
89 creatures vanquished.

Notes
Turn   | Place    | Note
-------+----------+-------------------------------------------
     0 | D:1      | Alfie the Minotaur Hunter began the quest for the Orb.
     0 | D:1      | Reached XP level 1. HP: 18/18 MP: 0/0
   131 | D:1      | Reached XP level 2. HP: 25/25 MP: 1/1
   201 | D:1      | Reached skill level 5 in Bows
   643 | D:1      | Reached XP level 3. HP: 30/30 MP: 2/2
  2145 | D:3      | Reached XP level 4. HP: 37/37 MP: 3/3
  2165 | D:3      | Noticed Grinder
  2176 | D:3      | Killed Grinder
  2176 | D:3      | Reached skill level 1 in Short Blades
  2176 | D:3      | Reached skill level 6 in Bows
  2176 | D:3      | Reached skill level 1 in Armour
  2176 | D:3      | Reached skill level 1 in Stealth
  2176 | D:3      | Reached XP level 5. HP: 36/45 MP: 4/4
  2297 | D:3      | Noticed Alfie's ghost (amateur HuHu)
  2400 | D:4      | Found a staircase to the Ecumenical Temple.
  2526 | D:4      | Reached XP level 6. HP: 37/51 MP: 5/5
  2579 | D:4      | Reached skill level 7 in Bows
  2780 | D:4      | Noticed Blork the orc
  2802 | D:4      | Killed Blork the orc
  3139 | D:5      | Entered Level 5 of the Dungeon
  3237 | D:5      | Found an ancient bone altar of Kikubaaqudgha.
  3287 | D:5      | Learned a level 2 spell: Throw Frost
  3333 | D:5      | Reached XP level 7. HP: 55/58 MP: 6/6
  3350 | D:5      | Found a glowing silver altar of Zin.
  3888 | D:5      | Found Huadwopu's Antique Weapon Shop.
  4010 | D:6      | Mangled by an orc warrior

Skill      XL: |  1  2  3  4  5  6  7 |
---------------+----------------------+-----
Bows           | 5 6 7 |  7.5
Fighting       | 3 |  3.8
Short Blades   | 1 2 3 |  3.5
Armour         | 1 3 4 |  4.3
Stealth        | 1 |  1.2
Throwing       | |  0.6
Dodging        | |  2.8

Action                   |  1- 3 |  4- 6 |  7- 9 || total
-------------------------+-------+-------+-------++-------
Melee: Short sword       |    44 |    82 |    32 ||   158
       Headbutt          |     3 |    11 |    10 ||    24
 Fire: Shortbow          |   101 |    11 |    10 ||   122
Throw: Tomahawk          |       |     5 |     4 ||     9
  Use: Scroll            |     4 |     2 |     3 ||     9
       Potion            |       |     5 |       ||     5
  Eat: Royal jelly       |     2 |       |       ||     2
       Bread ration      |       |     1 |       ||     1
       Fruit             |       |       |     1 ||     1
Armor: Leather armour    |    20 |       |       ||    20
       Ring mail         |    10 |    28 |    17 ||    55
       Skin              |       |     7 |       ||     7
Dodge: Dodged            |    49 |    42 |    17 ||   108
